Map: Odyssey LE

Players

Scarlett

  • Race: Zerg Zerg
  • League: Diamond
  • Spawn Location: 11:00

DnS - Winner!

  • Race: Protoss Protoss
  • League: Grandmaster
  • Spawn Location: 5:00

Event: HomeStory Cup XVI

VOD

Have the link to the VOD?

Description

Time

  • Played on: Nov. 10, 2017, 12:27 p.m.
  • Length: 11:04

All games in this series

Show
View Real Time Build Order
Export as new Build Order

Scarlett Zerg 

Build Orders: Hatch First, Lurkers 

Get SALT Encoding   

  12  0:00  Drone  
  13  0:12  Overlord  
  13  0:16  Drone  
  14  0:30  Drone x2  
  14  0:35  Drone  
  17  0:51  Hatchery  
  17  0:54  Drone  
  17  0:58  Drone  
  17  1:01  Extractor  
  17  1:13  Spawning Pool  
  17  1:15  Drone  
  17  1:19  Drone  
  18  1:28  Drone  
  19  1:38  Drone  
  20  1:49  Overlord  
  20  1:59  Queen  
  22  2:03  Queen  
  22  2:04  Drone x2  
  22  2:07  Metabolic Boost  
  26  2:11  Zergling x2  
  27  2:16  Drone  
  28  2:23  Drone  
  28  2:25  Drone  
  30  2:33  Zergling x2  
  31  2:39  Queen, Overlord  
  31  2:43  Lair  
  33  2:45  Drone  
  33  2:48  Drone  
  35  2:54  Drone  
  36  2:58  Drone  
  36  3:04  Drone  
  38  3:07  Overlord  
  38  3:09  Drone x3  
  38  3:11  Drone x2  
  43  3:15  Extractor, Drone  
  43  3:16  Extractor  
  42  3:20  Queen  
  42  3:27  Drone x2  
  46  3:34  Drone x2  
  48  3:41  Drone  
  48  3:42  Hydralisk Den, Drone x3  
  48  3:47  Overlord  
  51  3:49  Overlord  
  51  3:52  Drone  
  52  4:00  Overlord  
  52  4:01  Extractor  
  51  4:10  Drone  
  51  4:11  Drone x3  
  51  4:16  Hatchery  
  54  4:19  Overlord  
  54  4:25  Overseer  
  54  4:31  Muscular Augments  
  54  4:33  Hydralisk x3  
  60  4:44  Hydralisk x3  
  66  4:47  Hydralisk  
  66  4:48  Hydralisk  
  70  4:54  Overlord  
  70  5:01  Hydralisk x3  
  70  5:07  Evolution Chamber, Overlord  
  75  5:16  Drone x4  
  75  5:17  Drone x2  
  81  5:29  Drone x4  
  81  5:32  Zerg Missile Weapons Level 1, Drone  
  86  5:37  Spore Crawler  
  86  5:38  Drone, Lurker Den  
  86  5:42  Overlord  
  85  5:46  Hydralisk x2  
  85  5:48  Drone  
  89  6:08  Hydralisk x3  
  89  6:09  Hydralisk x3, Zergling x2  
  89  6:10  Zergling x6  
  105  6:13  Overlord, Drone  
  105  6:22  Spore Crawler  
  104  6:25  Overlord  
  104  6:30  Overlord  
  104  6:32  Drone  
  105  6:33  Drone x6  
  105  6:34  Extractor  
  105  6:35  Extractor  
  109  6:43  Overlord  
  109  6:44  Overlord  
  109  6:53  Drone  
  109  6:54  Drone x7, Hatchery  
  115  6:57  Drone  
  115  6:58  Drone  
  118  7:02  Queen  
  120  7:11  Drone  
  120  7:12  Infestation Pit  
  120  7:18  Lurker x4  
  120  7:19  Lurker x3  
  127  7:24  Overseer  
  127  7:28  Hydralisk x5  
  137  7:37  Overlord  
  137  7:38  Overlord x3  
  137  7:42  Zerg Missile Weapons Level 2  
  137  7:46  Drone x6  
  137  7:47  Drone  
  144  7:52  Pathogen Glands  
  144  8:00  Drone  
  144  8:01  Drone x6  
  151  8:10  Hive  
  151  8:13  Extractor  
  151  8:18  Spire  
  149  8:20  Infestor  
  149  8:26  Hatchery  
  150  8:27  Drone x3  
  150  8:28  Infestor  
  150  8:29  Overlord x2  
  155  8:38  Infestor  
  157  8:55  Spore Crawler  
  156  8:57  Spine Crawler  
  156  9:00  Infestor x3  
  161  9:06  Lurker, Hydralisk  
  161  9:07  Zergling x24  
  161  9:08  Zergling x6  
  179  9:19  Lurker  
  179  9:21  Lurker  
  178  9:24  Lurker x2  
  180  9:35  Spine Crawler  
  180  9:36  Greater Spire  
  179  9:40  Extractor  
  179  9:42  Extractor  
  179  9:44  Corruptor x2  
  177  9:55  Overseer  
  177  9:56  Pneumatized Carapace  
  177  9:57  Drone x2  
  177  9:58  Drone  
  160  10:01  Spine Crawler  
  160  10:02  Spore Crawler  
  160  10:03  Drone x8  
  160  10:05  Drone x4  
  160  10:06  Drone x5  
  165  10:10  Drone x8  
  163  10:14  Spine Crawler  
  135  10:30  Hydralisk x9  
  136  10:36  Hydralisk x3  
  136  10:37  Hydralisk  
  126  10:47  Zergling x10  
Show
View Real Time Build Order
Export as new Build Order

DnS Protoss - Winner!

Build Orders: 1 Gate Expand, Oracle Opening, Phoenix Opening, Colossus Rush 

Get SALT Encoding   

  12  0:02  Probe (Chrono Boost)  
  14  0:14  Probe (Chrono Boost)  
  14  0:19  Pylon  
  14  0:26  Probe (Chrono Boost)  
  15  0:33  Probe (Chrono Boost)  
  15  0:39  Gateway  
  15  0:41  Probe (Chrono Boost)  
  16  0:47  Assimilator  
  17  0:53  Probe (Chrono Boost)  
  18  0:59  Probe (Chrono Boost)  
  19  1:08  Probe (Chrono Boost)  
  20  1:23  Nexus  
  20  1:33  Cybernetics Core  
  20  1:37  Probe (Chrono Boost)  
  21  1:43  Assimilator  
  21  1:50  Probe (Chrono Boost)  
  21  1:52  Pylon  
  23  2:01  Adept  
  23  2:02  Probe (Chrono Boost)  
  23  2:14  Probe (Chrono Boost)  
  26  2:21  Stargate  
  26  2:26  Probe (Chrono Boost)  
  26  2:28  Adept  
  29  2:31  Warp Gate  
  29  2:35  Probe (Chrono Boost)  
  31  2:38  Probe (Chrono Boost)  
  31  2:42  Probe (Chrono Boost)  
  31  2:50  Probe (Chrono Boost)  
  31  2:51  Probe (Chrono Boost)  
  33  2:55  Adept  
  36  3:02  Probe (Chrono Boost)  
  36  3:03  Probe (Chrono Boost)  
  36  3:04  Oracle  
  41  3:14  Probe (Chrono Boost)  
  41  3:15  Probe (Chrono Boost)  
  41  3:17  Pylon  
  43  3:22  Gateway  
  43  3:26  Probe (Chrono Boost)  
  45  3:27  Probe (Chrono Boost)  
  45  3:38  Probe (Chrono Boost)  
  45  3:39  Probe (Chrono Boost)  
  47  3:41  Pylon  
  47  3:42  Robotics Facility  
  47  3:46  Probe (Chrono Boost)  
  47  3:48  Gateway  
  47  3:50  Phoenix  
  47  3:51  Assimilator, Probe (Chrono Boost)  
  47  3:53  Probe (Chrono Boost)  
  53  4:03  Probe (Chrono Boost)  
  53  4:05  Probe (Chrono Boost)  
  54  4:11  Shield Battery, Pylon  
  54  4:15  Assimilator  
  54  4:24  Probe (Chrono Boost)  
  55  4:25  Immortal, Pylon  
  55  4:35  Robotics Bay  
  59  4:43  Stalker  
  61  4:50  Adept x2  
  65  4:55  Pylon  
  65  4:59  Probe x2 (Chrono Boost)  
  67  5:02  Colossus  
  67  5:12  Pylon  
  67  5:13  Nexus  
  67  5:16  Pylon  
  67  5:20  Probe x2 (Chrono Boost)  
  69  5:25  Sentry  
  77  5:28  Sentry  
  77  5:30  Zealot  
  77  5:31  Shield Battery  
  77  5:32  Shield Battery  
  81  5:41  Shield Battery  
  81  5:42  Shield Battery, Pylon  
  81  5:44  Probe (Chrono Boost)  
  81  5:45  Probe (Chrono Boost)  
  83  5:54  Colossus  
  83  5:57  Probe (Chrono Boost)  
  85  5:58  Probe (Chrono Boost)  
  85  6:02  Stalker x2  
  95  6:06  Stalker  
  95  6:10  Probe (Chrono Boost)  
  99  6:12  Probe (Chrono Boost)  
  99  6:19  Probe (Chrono Boost)  
  99  6:20  Probe (Chrono Boost)  
  99  6:25  Forge, Probe (Chrono Boost)  
  101  6:26  Probe (Chrono Boost)  
  101  6:28  Extended Thermal Lance  
  101  6:31  Colossus  
  101  6:32  Sentry  
  105  6:34  Twilight Council  
  105  6:36  Probe (Chrono Boost)  
  105  6:38  Protoss Ground Weapons Level 1, Pylon  
  103  6:49  Probe x3 (Chrono Boost)  
  112  6:57  Pylon  
  112  7:00  Assimilator  
  112  7:01  Blink, Probe x3 (Chrono Boost)  
  115  7:02  Pylon  
  115  7:05  Assimilator  
  115  7:13  Probe x2 (Chrono Boost)  
  115  7:14  Probe (Chrono Boost)  
  118  7:21  Colossus  
  118  7:22  Gateway x2  
  118  7:23  Gateway  
  118  7:25  Probe (Chrono Boost)  
  125  7:31  Gateway  
  125  7:34  Gateway  
  125  7:41  Stalker x2, Sentry  
  131  7:46  Pylon  
  131  7:53  Dark Shrine  
  129  8:02  Robotics Facility  
  129  8:10  Immortal  
  129  8:18  Pylon  
  133  8:23  Protoss Ground Weapons Level 2  
  133  8:26  Zealot x6  
  145  8:29  Nexus  
  145  8:31  Pylon  
  145  8:35  Pylon  
  145  8:42  Charge  
  145  8:49  Warp Prism  
  145  8:52  Photon Cannon  
  145  8:53  Shield Battery  
  145  8:54  Gateway  
  145  8:55  Gateway  
  147  8:57  Gateway  
  147  9:02  Stalker x2  
  151  9:04  Stalker x2  
  151  9:05  Stalker  
  157  9:10  Dark Templar  
  157  9:14  Dark Templar  
  161  9:17  Dark Templar  
  161  9:21  Observer  
  164  9:33  Templar Archives  
  164  9:34  Assimilator  
  164  9:37  Zealot x3, Probe x2 (Chrono Boost)  
  164  9:38  Probe (Chrono Boost)  
  173  9:45  Pylon  
  173  9:47  Pylon  
  173  9:48  Pylon  
  171  10:02  Zealot x8  
  171  10:06  Observer  
  182  10:14  Zealot  
  182  10:15  Zealot  
  180  10:28  Stalker x4  
  180  10:29  Stalker x4  
  158  10:38  Stalker x3  
  126  10:52  Stalker x6  
Tags
 
Add a new tag
Caveats
  • Supply blocks, unpowered buildings, or Contaminate may cause inaccurate times.
  • Supply counts are checked every 10 seconds.